 Dungeon Sprint DCSS version 0.31-a0-656-gb4d89c20fa (webtiles) character file.

Game seed: 7401712329829180295

516 rocky1 the Grappler (level 7, -3/59 HPs)
             Began as a Djinni Shapeshifter on Aug 31, 2023.
             Was an Initiate of Gozag.
             Slain by a cyan ugly thing (13 damage)
             ... in the Dungeon (Sprint IX: "|||||||||||||||||||||||||||||").
             The game lasted 00:02:49 (753 turns).

rocky1 the Grappler (Djinni Shapeshifter)            Turns: 753, Time: 00:02:50

Health: -3/59      AC:  9    Str: 19    XL:     7   Next: 44%
Gold:   378        EV:  9    Int: 14    God:    Gozag SH:  0 Dex: 12

rFire   + +          .
                       - Unarmed
rCold   x . .        (no shield)
rNeg    . . .        m - +1 chain mail
rPois   ∞            (helmet currently unavailable)
rElec   .            (cloak currently unavailable)
rCorr   .            (gloves currently unavailable)
SInv    .            (boots unavailable)
Will    .....        (no amulet) Stlth
                     o - +3 ring of strength
HPRegen 0.29/turn    n - +3 ring of strength
MPRegen 0.00/turn

%: no teleportation, infuse magic (-4 HP)
@: beast-form, gold aura, flying, slowed, very slow
A: beast (slay +4), flying, sickness immunity, fire resistance 2, cold
vulnerability 1, float, innate caster, HP casting, extra vitality 1
a: Begin Untransformation, Renounce Religion, Potion Petition, Call Merchant,
Bribe Branch


You were in the Dungeon.
You worshipped Gozag.
Gozag was aware of your devotion.
You were a hulking beast.
You visited 1 branch You collected 378 gold pieces.

Inventory:

Missiles
 p - 3 poisoned darts
Armour
 a - a +0 animal skin
 k - a +0 pair of gloves
 l - a +0 pair of boots
 m - a +1 chain mail (worn)
Jewellery
 n - a +3 ring of strength (right hand)
 o - a +3 ring of strength (left hand)
Talismans
 c - a beast talisman (active)
 d - a flux talisman
Wands
 j - a wand of light (5)
Scrolls
 i - a scroll of blinking
Potions
 b - a potion of lignification
 e - 5 potions of curing
 f - 3 potions of heal wounds
 g - a potion of haste
 h - a potion of invisibility


   Skills:
 * Level 8.1 Fighting
 + Level 0.0 Armour
 + Level 6.5 Dodging
 * Level 8.6 Unarmed Combat
 * Level 7.3 Shapeshifting


You knew the following spells:

 Your Spells              Type           Power      Damage    Failure   Level
a - Kiss of Death         Conj/Necr      0%         2d5       96%         1
b - Searing Ray           Conj           0%         2d4       99%         2
c - Static Discharge      Conj/Air       0%         2-2/arc   99%         2
Your spell library was empty.

Dungeon Overview and Level Annotations

Branches:
Dungeon (1/1)

Altars:
Cheibriados
Dithmenos
Elyvilon
Fedhas
Gozag
Hepliaklqana
Makhleb
Nemelex Xobeh
Okawaru
Qazlal
Ru
Trog
Uskayaw
Wu Jian
Xom
Yredelemnul
Zin
The Shining One
Jiyva
Lugonu


Innate Abilities, Weirdness & Mutations

You are a hulking beast.
Your limbs bulge with bestial killing power. (Slay +4)
You are flying.
You are immune to sickness and miasma.
You are immune to poison.
Your flesh is very heat resistant. (rF++)
You are vulnerable to cold. (rC-)
You float through the air rather than walking.
You learn spells naturally, not from books.
Your magical power is your life essence.
You have superior vitality. (+4 MHP)


Message History

The bolt of light hits the vampire mosquito.
The vampire mosquito is heavily damaged.
The bolt of light misses the vampire mosquito.
The bolt of light hits the two-headed ogre!
The two-headed ogre is lightly wounded.
The two-headed ogre is blinded.
The cyan ugly thing closely misses you.
You punch the cyan ugly thing! You punch the cyan ugly thing.
The cyan ugly thing is moderately wounded.
The cyan ugly thing closely misses you.
You hit the cyan ugly thing.
The cyan ugly thing is heavily wounded.
The cyan ugly thing misses you.
You catch the helpless cyan ugly thing completely off-guard!
You punch the cyan ugly thing!
The cyan ugly thing is heavily wounded.
The cyan ugly thing kicks you! The cyan ugly thing shocks you!
You strike the helpless cyan ugly thing from behind!
You punch the cyan ugly thing!
The cyan ugly thing is severely wounded.
The cyan ugly thing kicks you! The cyan ugly thing shocks you!
* * * LOW HITPOINT WARNING * * *
The cyan ugly thing barely misses you.
Unknown command.
Aiming: Bolt of Light
Press: ? - help, Shift-Dir - straight line, f/p - wraith
Aim: a wraith (almost destroyed, blind, 71% to hit)
The bolt of light misses the cyan ugly thing.
The bolt of light hits the wraith.
You destroy the wraith!
The bolt of light hits the vampire mosquito!
You destroy the vampire mosquito!
The bolt of light hits the two-headed ogre!!
The two-headed ogre is heavily wounded.
The bolt of light misses the vampire mosquito.
The vampire mosquito is no longer blind.
The cyan ugly thing kicks you.
* * * LOW HITPOINT WARNING * * *
The cyan ugly thing shocks you!
You die...
Your body crumbles into a pile of gold. ▓▓▓▓▓▓▓▓▓▓▓▓▓▓▓▓▓▓▓▓▓▓▓▓ .z.yO$uh...).)......)?!' ▓▓▓▓▓▓▓▓▓▓▓▓▓▓▓▓▓▓▓▓▓▓▓▓

You could see a cyan ugly thing (blind), a skeletal warrior, a two-headed ogre (blind) and a vampire mosquito.

Vanquished Creatures
  2 wraiths (D)
  A vampire mosquito (D)
  A centaur (D)
  A kobold brigand (D)
  A scorpion (D)
  A killer bee (D)
  A hound (D)
  A jelly (D)
  An adder (D)
  A white imp (D)
  A bat (D)
  A quokka (D)
  A ball python (D)
  A frilled lizard (D)
  A rat (D)
16 creatures vanquished.

Vanquished Creatures (others)
  An orc warrior (D)
  An orc wizard (D)
2 creatures vanquished.

Grand Total: 18 creatures vanquished

Notes
Turn   | Place    | Note
-------+----------+-------------------------------------------
     0 | D        | rocky1 the Djinni Shapeshifter began the quest for the Orb.
     0 | D        | Reached XP level 1. HP: 17/17 MP: 0/0
   267 | D        | Noticed a scorpion
   267 | D        | Noticed a hound
   267 | D        | Noticed a jelly
   272 | D        | Reached XP level 2. HP: 23/24 MP: 0/0
   277 | D        | Reached XP level 3. HP: 30/30 MP: 0/0
   277 | D        | Learned a level 1 spell: Kiss of Death
   282 | D        | Reached XP level 4. HP: 5/37 MP: 0/0
   283 | D        | HP: 1/55 [hound (4)]
   289 | D        | Reached skill level 5 in Unarmed Combat
   433 | D        | Killed a scorpion
   434 | D        | Reached skill level 5 in Fighting
   434 | D        | Reached skill level 5 in Shapeshifting
   434 | D        | Reached XP level 5. HP: 32/43 MP: 0/0
   434 | D        | Learned a level 2 spell: Searing Ray
   480 | D        | Found a snail-covered altar of Cheibriados.
   480 | D        | Found a shadowy altar of Dithmenos.
   480 | D        | Found a white marble altar of Elyvilon.
   480 | D        | Found a blossoming altar of Fedhas.
   480 | D        | Found an opulent altar of Gozag.
   481 | D        | Found a hazy altar of Hepliaklqana.
   482 | D        | Found a viscous altar of Jiyva.
   484 | D        | Found a corrupted altar of Lugonu.
   485 | D        | Found a burning altar of Makhleb.
   486 | D        | Found a sparkling altar of Nemelex Xobeh.
   487 | D        | Found an iron altar of Okawaru.
   488 | D        | Became a worshipper of Gozag Ym Sagoz the Greedy
   489 | D        | Found a stormy altar of Qazlal.
   490 | D        | Found a sacrificial altar of Ru.
   492 | D        | Found a bloodstained altar of Trog.
   493 | D        | Found a hide-covered altar of Uskayaw.
   495 | D        | Found an ornate altar of the Wu Jian Council.
   496 | D        | Found a shimmering altar of Xom.
   497 | D        | Found a basalt altar of Yredelemnul.
   498 | D        | Found a glowing silver altar of Zin.
   499 | D        | Found a glowing golden altar of the Shining One.
   542 | D        | Noticed a wraith
   542 | D        | Noticed a centaur
   542 | D        | Noticed a kobold brigand
   542 | D        | Noticed an orc warrior
   547 | D        | Killed an orc warrior
   548 | D        | Reached skill level 5 in Dodging
   548 | D        | Reached XP level 6. HP: 50/50 MP: 0/0
   564 | D        | Killed a wraith
   565 | D        | Reached XP level 7. HP: 38/59 MP: 0/0
   565 | D        | Learned a level 2 spell: Static Discharge
   742 | D        | Noticed a skeletal warrior
   742 | D        | Noticed a two-headed ogre
   742 | D        | Noticed a cyan ugly thing
   742 | D        | Noticed a vampire mosquito
   742 | D        | Noticed a vampire mosquito
   742 | D        | Noticed a wraith
   753 | D        | Killed a wraith
   753 | D        | Killed a vampire mosquito
   753 | D        | Slain by a cyan ugly thing

Illustrated notes

Levels and vault maps discovered:
D:        linesprint [early_d, line_temple, items_1, d_10, items_2, lair_1,
          lair_end, items_3, orc_1, orc_end, items_4, d_15, swamp_1, shoals_1,
          snake_1, spider_1, d_20, vaults_1, items_5, swamp_end, shoals_end,
          snake_end, spider_end, vaults_end, d_27, items_6, zot_1, zot_end,
          crypt_end, forest_end, elf_end, slime_end, tomb_end, abyss_end,
          pan_hell_end]

Skill      XL: |  1  2  3  4  5  6 |
---------------+-------------------+-----
Shapeshifting  | 3 4 5 7 |  7.3
Fighting       | 2 3 5 6 8 |  8.1
Dodging        | 3 4 5 6 |  6.5
Unarmed Combat | 4 6 8 |  8.6

Action                     |  1- 3 |  4- 6 |  7- 9 || total
---------------------------+-------+-------+-------++-------
  Melee: Unarmed           |    26 |    35 |     8 ||    69
         Punch             |       |     1 |     2 ||     3
  Evoke: Wand              |       |     2 |     3 ||     5
    Use: Potion            |     1 |       |       ||     1
         Scroll            |       |     1 |       ||     1
   Stab: Invisible         |       |     1 |     3 ||     4
 Armour: Animal skin       |     6 |     2 |       ||     8
         Chain mail        |       |     4 |       ||     4
  Dodge: Dodged            |    15 |    20 |     7 ||    42

Table legend: (Time is in decaauts)
 A = Elapsed time spent in this place.
 B = Non-inter-level travel time spent in this place.
 C = Inter-level travel time spent in this place.
 D = Time resting spent in this place.
 E = Time spent auto-exploring this place.
 F = Levels seen in this place.
 G = Mean time per level.
                   A        B        C        D        E       F      G
               +--------+--------+--------+--------+--------+-----+--------+
         Total |    757 |    757 |      0 |    579 |      0 |   1 |  757.0 |
       Dungeon |    757 |    757 |      0 |    579 |      0 |   1 |  757.0 |
               +--------+--------+--------+--------+--------+-----+--------+

Top non-repeatable levels by time:
       D: 757 daAuts
